 Dungeon Crawl Stone Soup version 0.29.1-2-gbd0b4ee654 (webtiles) character file.

Game seed: 7205943828870192451

10 jamesblauser the Shooter (level 2, 0/25 HPs)
             Began as a Minotaur Hunter on Nov 5, 2022.
             Slain by a hobgoblin (2 damage)
             ... on level 1 of the Dungeon.
             The game lasted 00:02:10 (104 turns).

jamesblauser the Shooter (Minotaur Hunter)           Turns: 104, Time: 00:02:12

Health: 0/25       AC:  3    Str: 15    XL:     2   Next: 10%
Magic:  1/1        EV: 12    Int:  6    God:
Gold:   14         SH:  0    Dex: 13    Spells: 1/1 levels left

rFire   . . .      SeeInvis .   a - +0 shortbow
rCold   . . .      Faith    .   (shield currently unavailable)
rNeg    . . .      Spirit   .   c - +0 leather armour
rPois   .          Reflect  .   (helmet restricted)
rElec   .          Harm     .   (no cloak)
rCorr   .          Rampage  .   (no gloves)
Will    .....                   (no boots)
Stlth   +.........              (no amulet)
HPRegen 0.08/turn               (no ring)
MPRegen 0.07/turn               (no ring)

@: flying
A: horns 2, retaliatory headbutt
a: no special abilities


You were on level 1 of the Dungeon.
You visited 1 branch of the dungeon, and saw 1 of its levels.

You collected 14 gold pieces.

Inventory:

Hand Weapons
 a - a +0 shortbow (weapon)
Armour
 c - a +0 leather armour (worn)
Scrolls
 b - a scroll of immolation


   Skills:
 + Level 2.4 Fighting
 + Level 4.9 Ranged Weapons
 + Level 2.1 Dodging
 + Level 0.7 Stealth


You had one spell level left.
You didn't know any spells.
Your spell library was empty.

Dungeon Overview and Level Annotations

Branches:
Dungeon (1/15)

Altars:


Innate Abilities, Weirdness & Mutations

You have a pair of horns on your head.
You reflexively headbutt those who attack you in melee.


Message History

Your library has no spells.
There are no items here.
Fire: a) +0 shortbow
Press: ? - help, Q - select action Shift-Dir - straight line, f/p - jackal
Aim: a jackal (lightly wounded, 53% to hit)
You shoot an arrow. The arrow hits the jackal.
The jackal is heavily wounded.
You hear a shout!
The jackal bites you but does no damage.
A hobgoblin comes into view.
The jackal barely misses you. You furiously retaliate!
You headbutt the jackal.
You kill the jackal!
You have reached level 2!
Fire: a) +0 shortbow
Press: ? - help, Q - select action Shift-Dir - straight line, f - jackal
Aim: a jackal (53% to hit)
You shoot an arrow. The arrow barely misses the jackal.
The arrow hits the rat.
The rat is severely wounded.
The jackal bites you but does no damage.
Fire: a) +0 shortbow
Press: ? - help, Q - select action Shift-Dir - straight line, f/p - jackal
Aim: a jackal (53% to hit)
You shoot an arrow.
The arrow hits the jackal but does no damage.
The jackal closely misses you. The jackal misses you.
The hobgoblin closely misses you. The jackal attacks as you move away!
The jackal bites you.
* * * LOW HITPOINT WARNING * * *
The jackal closely misses you. The hobgoblin closely misses you.
The hobgoblin completely misses you. The hobgoblin attacks as you move away!
The hobgoblin closely misses you. The jackal barely misses you.
The jackal closely misses you. You furiously retaliate!
You headbutt the jackal!
You kill the jackal!
Fire: a) +0 shortbow
Press: ? - help, Q - select action Shift-Dir - straight line, f - hobgoblin
Aim: a hobgoblin (60% to hit)
You shoot an arrow. The arrow closely misses the hobgoblin.
The hobgoblin hits you.
You die...

# #.## .
#... #.
#..#
##.##..#
...#..#
#....
#.#.##
#..@.#
#######g#
K.#...r#
#.#r#l##
#.#.#†#
##...#l#
##...##.#
#.....#.#
#.>.l.†.#


You could see a hobgoblin and a rat.

Vanquished Creatures
  2 bats (D:1)
  4 jackals (D:1)
  2 ball pythons (D:1)
  2 rats (D:1)
10 creatures vanquished.

Notes
Turn   | Place    | Note
-------+----------+-------------------------------------------
     0 | D:1      | jamesblauser the Minotaur Hunter began the quest for the
                  | Orb.
     0 | D:1      | Reached XP level 1. HP: 18/18 MP: 0/0
    98 | D:1      | Reached XP level 2. HP: 3/25 MP: 1/1
   104 | D:1      | Slain by a hobgoblin

Illustrated notes

Levels and vault maps discovered:
D:1:      onia_arrival_mini_spirals, layout_loops_ring,
          dreamdust_princess_corridor, st_stairs_11, minmay_tetromino_l4

Action                   || total
-------------------------++-------
 Fire: Shortbow          ||    18
  Use: Potion            ||     1
Armor: Leather armour    ||     6
Dodge: Dodged            ||    31
